 Dungeon Crawl Stone Soup version 0.19.0-2-gae57169 (webtiles) character file.

144 thirtiethelement the Chopper (level 5, -9/34 HPs)
             Began as an Octopode Wanderer on Nov 6, 2016.
             Killed by nerve-wracking pain
             ... invoked by Grinder
              (14 damage)
             ... on level 3 of the Dungeon.
             The game lasted 00:12:30 (1644 turns).

thirtiethelement the Chopper (Octopode Wanderer)    Turns: 1644, Time: 00:12:31

Health: -9/34      AC:  3    Str: 11    XL:     5   Next: 27%
Magic:  5/5        EV: 12    Int: 20    God:
Gold:   39         SH:  0    Dex: 12    Spells: 1 memorised, 3 levels left

rFire  . . .     SeeInvis .     a - +2 hand axe
rCold  . . .     Gourm    .     (no shield)
rNeg   . . .     Faith    .     (helmet restricted)
rPois  +         Spirit   .     (no amulet)
rElec  .         Reflect  .     k - ring of poison resistance
rCorr  .         Harm     .     (no ring)
MR     .....                    (no ring)
Stlth  +++.......               (no ring)
                                (no ring)
                                (no ring)
                                (no ring)
                                (no ring)

@: brilliant, drained
A: almost no armour, stealthy swim, amphibious, 8 rings, constrict 8, tentacle
spike 1, molten scales 1, camouflage 1, gelatinous body 1, evolution 1
a: no special abilities


You were on level 3 of the Dungeon.
You were not hungry.

You visited 1 branch of the dungeon, and saw 3 of its levels.

You collected 39 gold pieces.

Inventory:

Hand Weapons
 a - a +2 hand axe (weapon)
 d - a +3 dagger of draining
 e - a +0 hunting sling
Missiles
 h - 65 stones (quivered)
Jewellery
 k - a ring of poison resistance (left tentacle)
Scrolls
 c - a scroll of teleportation
 f - a scroll of identify
 m - a scroll of magic mapping
Books
 b - Zall's Grimoire of Evil Magic

   Spells                             Type                      Level
   a - Pain                           Necromancy                   1
   b - Regeneration                   Charms/Necromancy            3
Comestibles
 g - 2 fruits
 i - a royal jelly


   Skills:
 + Level 1.7(1.3) Fighting
 + Level 5.5(5.1) Axes
 + Level 0.4(0.5) Slings
 + Level 1.1(0.8) Throwing
 + Level 0.6(0.2) Dodging
 + Level 2.0(1.7) Stealth
 + Level 0.3(0.0) Spellcasting
 + Level 1.1(0.7) Necromancy
   Level 1.0(0.6) Fire Magic
   Level 2.0(1.6) Ice Magic
   Level 1.1(0.7) Evocations


You had 3 spell levels left.
You knew the following spells:

 Your Spells              Type           Power        Failure   Level  Hunger
a - Pain                  Necr           ###.         2%          1    ##.....


Dungeon Overview and Level Annotations

Branches:
Dungeon (3/15)

Altars:

Annotations:
D:3 Grinder; Quazifuji's ghost, novice HuWn


Innate Abilities, Weirdness & Mutations

You cannot wear most types of armour.
You are very stealthy in the water. (Stealth+)
You are amphibious.
You can wear up to eight rings at the same time.
You can use your tentacles to constrict eight enemies at once.
Your skin changes colour to match your surroundings (Stealth+).
Your rubbery body absorbs attacks. (AC +1, EV +1)
One of your tentacles bears a spike.
You are partially covered in molten scales. (AC +2)
You evolve.


Message History

You squeeze the quokka, but do no damage.
The quokka is lightly wounded.
The quokka closely misses you. The quokka barely misses you.
You barely miss the quokka. You grab the quokka.
You pierce the quokka, but do no damage.
You squeeze the quokka.
You kill the quokka!
Grinder comes into view.
Found a stone staircase leading up.
You see here a scroll of identify.
f - a scroll of identify Grinder shouts!
Grinder moves out of view.
An adder comes into view.
The adder hisses angrily.
A jackal comes into view.
Grinder says, "Don't move a muscle."
Grinder gestures at you. Pain shoots through your body!
You die...

#......†..####
#.....###.....
##..#.........
#..##.##.##.#
#.........#
#.......#.#
#.......#.
#...5.......
#@......#.#.
#....<......
#......##+#.
#...S....
#.#.#.....
#.#.#.....
#+#.#..h.. .#
..


You could see Grinder, an adder and a jackal (wandering).

Vanquished Creatures
  Robin (D:2)
  4 adders
  3 oozes (D:1)
  2 worms (D:2)
  4 dart slugs
  4 leopard geckos (D:1)
  5 giant cockroaches
  9 goblins
  9 hobgoblins
  3 jackals
  4 kobolds
  3 quokkas
  6 bats
  2 frilled lizards (D:2)
  4 rats
63 creatures vanquished.

Notes
Turn   | Place    | Note
-------+----------+-------------------------------------------
     0 | D:1      | thirtiethelement the Octopode Wanderer began the quest for the Orb.
     0 | D:1      | thirtiethelement set off with: a +2 hand axe, Zall's Grimoire of Evil Magic, a scroll of teleportation, a bread ration
     0 | D:1      | Reached XP level 1. HP: 13/13 MP: 1/1
     4 | D:1      | Noticed a death yak
     9 | D:1      | Noticed an elephant
    97 | D:1      | Reached XP level 2. HP: 18/18 MP: 2/2
   266 | D:1      | Reached XP level 3. HP: 22/23 MP: 3/3
   523 | D:1      | Reached skill level 5 in Axes
   637 | D:1      | Learned a level 1 spell: Pain
   834 | D:2      | Reached XP level 4. HP: 22/28 MP: 4/4
  1023 | D:2      | Reached skill level 1 in Stealth
  1379 | D:2      | Noticed Robin
  1382 | D:2      | Reached skill level 1 in Necromancy
  1384 | D:2      | Reached XP level 5. HP: 18/33 MP: 1/5
  1391 | D:2      | Killed Robin
  1544 | D:3      | Noticed Quazifuji's ghost (novice HuWn)
  1605 | D:3      | Gained mutation: You evolve. [potion of mutation]
  1605 | D:3      | Gained mutation: You are partially covered in molten scales. (AC +2) [potion of mutation]
  1605 | D:3      | Gained mutation: One of your tentacles bears a spike. [potion of mutation]
  1636 | D:3      | Noticed Grinder
  1644 | D:3      | Killed from afar by Grinder

Skill      XL: |  1  2  3  4  5 |
---------------+----------------+-----
Axes           | 5 |  5.5
Stealth        | 1 2 |  2.0
Necromancy     | 1 |  1.1
Fighting       | |  1.7
Slings         | |  0.4
Throwing       | |  1.1
Dodging        | |  0.6
Spellcasting   | |  0.3
Fire Magic     | |  1.0
Ice Magic      | |  2.0
Evocations     | |  1.1

Action                   |  1- 3 |  4- 6 || total
-------------------------+-------+-------++-------
Melee: Hand axe          |    49 |    93 ||   142
       Constrict         |    17 |    21 ||    38
       Tentacles         |     7 |    10 ||    17
       Kick              |       |     3 ||     3
 Fire: Hunting sling     |     3 |     4 ||     7
Throw: Throwing net      |     1 |       ||     1
 Cast: Pain              |     2 |     5 ||     7
  Use: Scroll            |     2 |     4 ||     6
       Potion            |     1 |     4 ||     5
 Stab: Sleeping          |     2 |     9 ||    11
  Eat: Bread ration      |       |     1 ||     1
Armor: Skin              |     2 |     6 ||     8
Dodge: Dodged            |    32 |    52 ||    84
